[Event "WYCC 2018 O14"]
[Site "Halkidiki"]
[Date "2018.10.20"]
[Round "1"]
[White "Tsoi, Dmitry"]
[Black "Misyura, Ilya"]
[Result "1-0"]
[ECO "A05"]
[WhiteElo "2429"]
[BlackElo "1967"]
[Annotator "ChessBase"]
[PlyCount "109"]
[EventDate "2018.10.20"]
[EventType "swiss"]
[EventCountry "GRE"]
[SourceTitle "playchess.com"]
[Source "ChessBase"]
[SourceQuality "1"]
[TimeControl "40/5400+30:1800+30"]

1. Nf3 Nf6 2. c4 g6 3. g3 Bg7 4. Bg2 O-O 5. O-O d6 6. Nc3 Nc6 7. d3 e5 8. Rb1 a5 9. a3 Nd4 10. b4 axb4 11. axb4 c6 12. b5 Bg4 13. Nxd4 exd4 14. Ne4 Nxe4 15. Bxe4 d5 16. cxd5 cxd5 17. Bg2 Qd7 18. Re1 Rfe8 19. Bf4 Ra2 20. Bf1 Rc8 21. Qb3 Rcc2 22. Ra1 Rcb2 23. Qxa2 Rxa2 24. Rxa2 h5 25. Rb1 Bf6 26. Bg2 g5 27. Bb8 Be6 28. Rc2 Qd8 29. Bc7 Qa8 30. b6 Qa3 31. Rcc1 Qa2 32. Re1 Qc2 33. Kf1 Kh7 34. Rb5 Qc6 35. Rbb1 Qc2 36. Rbc1 Qa4 37. Ra1 Qc6 38. Rec1 Qe8 39. Ra5 Qd7 40. Ra7 Qc8 41. Rc5 Be7 42. Rxd5 Bxd5 43. Bxd5 Bc5 44. Bxb7 Qh3+ 45. Bg2 Qe6 46. Ra6 Qb3 47. Be4+ f5 48. Bxf5+ Kg8 49. Be4 Bxb6 50. Rxb6 Qd1+ 51. Kg2 Qc1 52. Rc6 Qe1 53. Rg6+ Kf7 54. Rxg5 Qxe2 55. h4 1-0

[Event "WYCC 2018 O14"]
[Site "Halkidiki"]
[Date "2018.10.20"]
[Round "1"]
[White "Spyropoulos, Nikolaos"]
[Black "Shermuhammadov, Samandar"]
[Result "0-1"]
[ECO "B06"]
[WhiteElo "2378"]
[BlackElo "1962"]
[Annotator "NA"]
[PlyCount "116"]
[EventDate "2018.10.20"]
[EventType "swiss"]
[EventCountry "GRE"]
[SourceTitle "playchess.com"]
[Source "ChessBase"]
[SourceQuality "1"]
[TimeControl "40/5400+30:1800+30"]

1. e4 g6 2. d4 Bg7 3. Nc3 c6 4. Bc4 d6 5. Nf3 Nf6 6. Bb3 O-O 7. O-O Bg4 {[%emt 0:03:04] LiveBook: 50 Games B08: Pirc Defence: Classical System} 8. Bg5 Nbd7 9. h3 Bxf3 10. Qxf3 e5 (10... Qa5 11. Be3 Rab8 12. Rfd1 c5 13. dxc5 Nxc5 14. Bd4 Ncd7 15. Qe2 a6 16. Nd5 Nxd5 17. exd5 Rfe8 {1-0 (77) Amonatov,F (2608)-Rahman,Z (2495) Bhubaneswar 2018}) 11. Rad1 Qc7 $146 ({Predecessor:} 11... h6 12. Bh4 Qe8 13. dxe5 Nxe5 14. Qe3 g5 15. Bg3 Nh5 16. Rxd6 Nxg3 17. Qxg3 Qe7 {1-0 (40) Ma,Q (2481)-Djuraev,S (2375) Ho Chi Minh City 2012}) 12. dxe5 dxe5 13. Rd2 h6 14. Bh4 b5 15. Rfd1 a5 16. a3 b4 17. Na4 c5 18. Bc4 Rad8 19. Rd6 g5 20. Bg3 Ne8 21. R6d2 Nef6 22. h4 Qc6 23. b3 Nxe4 24. Rd3 g4 25. Qxg4 Nef6 26. Qf5 Qc7 27. axb4 cxb4 28. h5 Qc8 29. Qh3 Nb8 30. Bxe5 Qxh3 31. gxh3 Rxd3 32. Rxd3 Nxh5 33. Bxg7 Kxg7 34. Rd5 Nf4 35. Rxa5 Nxh3+ 36. Kg2 Nf4+ 37. Kg3 Ng6 38. Nc5 Nc6 39. Ra6 Nd4 40. Ra7 Ne5 41. Ne6+ Nxe6 42. Bxe6 Kf6 43. Bd5 Kf5 44. f3 Rg8+ 45. Kf2 Rc8 46. Rb7 Rxc2+ $11 47. Kg3 Rc3 48. Rxb4 h5 49. Rd4 Kg5 50. Kf2 Nd3+ 51. Kg3 f5 52. b4 h4+ 53. Kh2 Rc2+ 54. Kh1 Rd2 55. Kg1 h3 56. f4+ Kg4 57. Bc4 h2+ 58. Kh1 Nf2+ 0-1

[Event "WYCC 2018 O14"]
[Site "Halkidiki"]
[Date "2018.10.20"]
[Round "1"]
[White "Pogosyan, Stefan"]
[Black "Dao, Minh Nhat"]
[Result "1-0"]
[ECO "D78"]
[WhiteElo "2373"]
[BlackElo "1956"]
[Annotator "NA"]
[PlyCount "73"]
[EventDate "2018.10.20"]
[EventType "swiss"]
[EventCountry "GRE"]
[SourceTitle "playchess.com"]
[Source "ChessBase"]
[SourceQuality "1"]
[TimeControl "40/5400+30:1800+30"]

1. d4 Nf6 2. c4 g6 3. g3 Bg7 4. Bg2 d5 5. Nf3 O-O 6. O-O c6 7. b3 Bf5 8. Bb2 a5 9. Nbd2 Ne4 10. Nh4 Nxd2 11. Qxd2 Be6 12. cxd5 {[%emt 0:02:49] D78: Fianchetto Grünfeld: 6 0-0 c6} (12. Rfc1 a4 13. Qb4 axb3 14. axb3 Rxa1 15. Bxa1 dxc4 16. bxc4 Bxd4 17. Bxd4 Qxd4 18. Qxb7 Qd2 19. Rb1 Nd7 20. Qxc6 Qxe2 {½-½ (27) Almasi,Z (2702)-Fressinet,L (2676) Germany 2017}) 12... cxd5 13. Nf3 Nc6 14. Ne5 {[%emt 0:02:54] [#]} Qd6 $146 ({Predecessor:} 14... a4 15. Nxc6 bxc6 16. Ba3 Re8 17. Bc5 Bf5 18. e3 e5 19. dxe5 Bxe5 {½-½ (41) Pavlovic,M (2477)-Vuckovic,B (2576) Montenegro 2017}) 15. Nxc6 bxc6 16. Rfc1 a4 17. b4 a3 18. Bc3 Bf5 19. b5 cxb5 20. Bb4 Qd7 21. Rc5 Be6 $14 22. Rac1 Rfc8 23. e3 Bf6 24. Bxa3 Rxc5 25. Bxc5 Bh3 26. a3 Bxg2 27. Kxg2 h5 28. h3 e6 29. Qb4 Ra4 30. Qb3 e5 31. dxe5 Bxe5 32. Bb4 Bg7 33. Rd1 d4 34. exd4 Bxd4 35. Qf3 Ra6 36. Qe4 Rf6 37. Rxd4 1-0

[Event "WYCC 2018 O14"]
[Site "Halkidiki"]
[Date "2018.10.20"]
[Round "1"]
[White "Stoyanov, Tsvetan"]
[Black "Bolognese, Leonardo"]
[Result "0-1"]
[ECO "C03"]
[WhiteElo "2340"]
[BlackElo "1947"]
[Annotator "NA"]
[PlyCount "84"]
[EventDate "2018.10.20"]
[EventType "swiss"]
[EventCountry "GRE"]
[SourceTitle "playchess.com"]
[Source "ChessBase"]
[SourceQuality "1"]
[TimeControl "40/5400+30:1800+30"]

1. e4 e6 2. d4 d5 3. Nd2 h6 {[%emt 0:01:11] C03: Französische Verteidigung (Tarrasch-Variante)} (3... c5 4. exd5 Qxd5 5. Ngf3 cxd4 6. Bc4 Qd6 7. O-O Nf6 8. Nb3 Nc6 9. Nbxd4 Nxd4 10. Nxd4 a6 11. Re1 Qc7 12. Bf1 Be7 13. Qf3 O-O 14. Bf4 Bd6 15. Bxd6 Qxd6 16. Rad1 Qc7 17. c4 Rb8 18. Qg3 Qxg3 19. hxg3 Bd7 {½-½ (61) Karjakin,S (2773)-Duda,J (2737) chess.com INT 2018}) 4. Ngf3 Nf6 5. Bd3 c5 6. exd5 exd5 7. dxc5 Bxc5 8. O-O O-O 9. h3 Qd6 10. Nb3 Bb6 11. Nfd4 $146 ({Vorgänger:} 11. Nbd4 Nc6 12. Nb5 Qb8 13. c3 Bxh3 14. gxh3 Qg3+ 15. Kh1 Qxh3+ {1-0 (39) Amer,S (2016)-Itgelt,K (2014) Cagliari 2018}) 11... Nc6 12. Be3 Bc7 13. f4 Ne4 14. Nb5 Qd8 15. Nxc7 Qxc7 16. c3 Re8 17. Qf3 f5 18. Rad1 Be6 19. g4 Qf7 20. Kh2 $19 (20. Nd4 $11) 20... fxg4 21. hxg4 Bxg4 22. Qxg4 Nf6 23. Qh4 Rxe3 24. Rd2 Qe7 25. Rg1 Ne4 26. Qxh6 Ne5 27. Bxe4 Rxe4 28. Nd4 Rxd4 29. Rxd4 Nf3+ 30. Kh1 Nxg1 31. Qh5 Ne2 32. Qxd5+ Qf7 33. Qxf7+ Kxf7 34. Rd7+ Kf6 35. Rxb7 Nxf4 36. b4 g5 37. c4 Rh8+ 38. Kg1 g4 39. Kf2 Rh3 40. Rb8 g3+ 41. Kg1 g2 42. Rf8+ Ke5 0-1

[Event "WYCC 2018 O14"]
[Site "Halkidiki"]
[Date "2018.10.20"]
[Round "1"]
[White "Huang, Renjie"]
[Black "Horobrijs, Daniils"]
[Result "1-0"]
[ECO "B90"]
[WhiteElo "2322"]
[BlackElo "1918"]
[Annotator "NA"]
[PlyCount "65"]
[EventDate "2018.10.20"]
[EventType "swiss"]
[EventCountry "GRE"]
[SourceTitle "playchess.com"]
[Source "ChessBase"]
[SourceQuality "1"]
[TimeControl "40/5400+30:1800+30"]

1. e4 c5 2. Nf3 d6 3. d4 cxd4 4. Nxd4 Nf6 5. Nc3 a6 6. Bc4 e6 7. O-O b5 8. Bb3 Be7 9. Qf3 Qb6 10. Be3 Qb7 11. Qg3 b4 12. Na4 Nbd7 13. f3 O-O 14. Rad1 Ne5 {[%emt 0:00:20] B87: Sicilian Scheveningen/Najdorf: 6 Bc4, with early ...b5} (14... Kh8 15. Rfe1 Rb8 16. Kh1 Ne5 17. Ne2 Qc7 18. c3 Bd7 19. Nf4 Bxa4 20. Bxa4 bxc3 21. bxc3 Qxc3 22. Bd4 {0-1 (39) Short,N (2665)-Kasparov,G (2815) London 1993}) 15. Ne2 a5 16. Bd4 Qb5 $146 (16... Bd7 $15) ({Predecessor:} 16... Ned7 17. Bc4 Qc6 18. b3 Ba6 19. Bxa6 Qxa6 20. Rd2 Rac8 21. Nc1 Rc6 22. Nd3 {½-½ (30) Nevioselaya,M (1992)-Kusenkova,N (2003) Minsk 2012}) 17. Nb6 Rb8 18. c4 Qa6 19. Qf2 Rxb6 20. Bxb6 Neg4 21. fxg4 Nxg4 22. Qf3 Qxb6+ 23. Kh1 Ne3 24. c5 Qxc5 25. Rc1 Qg5 26. Rfe1 Qh6 27. Rc7 Bg5 28. Ng1 d5 29. Nh3 d4 30. Nxg5 Qxg5 {[%emt 0:00:11] [#]} 31. Qxf7+ $1 Rxf7 32. Rxc8+ Rf8 33. Bxe6+ 1-0

[Event "WYCC 2018 O14"]
[Site "Halkidiki"]
[Date "2018.10.20"]
[Round "1"]
[White "Dardha, Daniel"]
[Black "Trushko, Andrii"]
[Result "1-0"]
[ECO "A05"]
[WhiteElo "2316"]
[BlackElo "1906"]
[Annotator "ChessBase"]
[PlyCount "159"]
[EventDate "2018.10.20"]
[EventType "swiss"]
[EventCountry "GRE"]
[SourceTitle "playchess.com"]
[Source "ChessBase"]
[SourceQuality "1"]
[TimeControl "40/5400+30:1800+30"]

1. Nf3 Nf6 2. g3 d5 3. Bg2 c5 4. O-O Nc6 5. d4 cxd4 6. Nxd4 e5 7. Nxc6 bxc6 8. c4 Be7 9. Nc3 Be6 10. Bg5 e4 11. Qa4 Bd7 12. Rad1 O-O 13. Qa6 Be6 14. Qxc6 Rc8 15. Qb7 Rc7 16. Qb5 Rc5 17. Qb3 d4 18. Bxf6 Bxf6 19. Nxe4 Rxc4 20. Nxf6+ Qxf6 21. Qd3 Rfc8 22. Rd2 g6 23. Rfd1 Qe5 24. Qa3 a5 25. Bf1 Rb4 26. b3 h6 27. Qb2 a4 28. Rxd4 Kh7 29. Qd2 Rxd4 30. Qxd4 Qxd4 31. Rxd4 axb3 32. axb3 Bxb3 33. e4 Be6 34. Rd2 Rc1 35. Kg2 Bh3+ 36. Kxh3 Rxf1 37. Kg2 Re1 38. f3 Kg7 39. Kf2 Ra1 40. f4 Ra7 41. Kf3 Rb7 42. Rd6 h5 43. Kg2 Rb2+ 44. Kh3 Rb7 45. e5 Ra7 46. Kh4 Ra2 47. h3 Ra7 48. Kg5 Ra3 49. Kh4 Ra7 50. g4 hxg4 51. hxg4 Rb7 52. Kg5 Ra7 53. Rd8 Re7 54. Rb8 Re6 55. Rb7 Re8 56. Rb6 Re7 57. Kh4 Re8 58. Rb5 Re7 59. f5 gxf5 60. gxf5 Rc7 61. Kh5 Rc1 62. f6+ Kh7 63. Rb7 Rh1+ 64. Kg5 Rg1+ 65. Kf5 Rf1+ 66. Ke4 Kg6 67. Kd5 Rd1+ 68. Kc6 Rc1+ 69. Kd7 Rc5 70. e6 fxe6 71. Ke7 e5 72. f7 Rc8 73. f8=Q Rxf8 74. Kxf8 Kf5 75. Ke7 e4 76. Kd6 e3 77. Re7 Kf4 78. Kd5 Kf3 79. Kd4 e2 80. Kd3 1-0

[Event "WYCC 2018 O14"]
[Site "Halkidiki"]
[Date "2018.10.20"]
[Round "1"]
[White "Gharibyan, Mamikon"]
[Black "Kouvidis, Ioannis"]
[Result "1-0"]
[ECO "E73"]
[WhiteElo "2314"]
[BlackElo "1896"]
[Annotator "NA"]
[PlyCount "55"]
[EventDate "2018.10.20"]
[EventType "swiss"]
[EventCountry "GRE"]
[SourceTitle "playchess.com"]
[Source "ChessBase"]
[SourceQuality "1"]
[TimeControl "40/5400+30:1800+30"]

1. d4 Nf6 2. c4 g6 3. Nc3 Bg7 4. e4 d6 5. Be2 O-O 6. Be3 c5 7. d5 e6 8. Nf3 exd5 9. cxd5 Re8 10. Nd2 Na6 11. O-O Nc7 12. a4 b6 13. Re1 Rb8 14. Rb1 a6 15. b4 Ng4 16. Bxg4 $16 Bxg4 17. Qxg4 Bxc3 18. bxc5 bxc5 19. Rxb8 Qxb8 20. Rb1 Qd8 21. Nc4 Qe7 22. Rb3 Bd4 23. Rb7 h5 24. Qf4 Bxe3 25. fxe3 g5 26. Qf5 f6 27. Qg6+ Kf8 28. e5 1-0

[Event "WYCC 2018 O14"]
[Site "Halkidiki"]
[Date "2018.10.20"]
[Round "1"]
[White "Suleymanli, Aydin"]
[Black "Ngo, Duc Tri"]
[Result "0-1"]
[ECO "D50"]
[WhiteElo "2313"]
[BlackElo "1883"]
[Annotator "NA"]
[PlyCount "76"]
[EventDate "2018.10.20"]
[EventType "swiss"]
[EventCountry "GRE"]
[SourceTitle "playchess.com"]
[Source "ChessBase"]
[SourceQuality "1"]
[TimeControl "40/5400+30:1800+30"]

1. d4 Nf6 2. c4 e6 3. Nc3 d5 4. Bg5 dxc4 5. e3 c5 6. Bxc4 cxd4 7. exd4 Nc6 8. Nf3 Be7 9. O-O O-O 10. a3 Nd5 11. Bxd5 Bxg5 12. Bxc6 bxc6 13. Ne4 $11 Be7 14. Rc1 Rb8 15. Rc2 Ba6 16. Re1 Qd5 17. Ne5 Bb7 18. Nc5 Bc8 19. Qc1 Bf6 20. b4 Ra8 21. Qf4 a5 22. Ne4 Bxe5 23. dxe5 axb4 24. Rd2 Qb3 25. Nf6+ Kh8 26. axb4 Qc3 27. Rdd1 Ra4 28. Qh4 h6 29. Qe4 gxf6 30. Qf4 Kh7 31. Qxf6 Ba6 32. h3 Qxb4 33. g3 Bd3 34. Qf3 Be4 35. Qe3 Bg6 36. Qf3 c5 37. Rf1 Ra3 38. Qf6 Qe4 0-1

[Event "WYCC 2018 O14"]
[Site "Halkidiki"]
[Date "2018.10.20"]
[Round "1"]
[White "Popov, Konstantin"]
[Black "Sanger, Jake M"]
[Result "1/2-1/2"]
[ECO "C06"]
[WhiteElo "2304"]
[BlackElo "1880"]
[Annotator "NA"]
[PlyCount "115"]
[EventDate "2018.10.20"]
[EventType "swiss"]
[EventCountry "GRE"]
[SourceTitle "playchess.com"]
[Source "ChessBase"]
[SourceQuality "1"]
[TimeControl "40/5400+30:1800+30"]

1. e4 e6 2. d4 d5 3. Nd2 Nf6 4. e5 Nfd7 5. Bd3 c5 6. c3 Nc6 7. Ne2 cxd4 8. cxd4 f6 9. exf6 Nxf6 10. Nf3 Bd6 11. O-O Qc7 12. h3 O-O 13. Be3 Bd7 14. Rc1 Be8 {[%emt 0:05:57] C06: French Tarrasch: 3...Nf6 4 e5 Nfd7 5 Bd3 main lines} 15. Qb3 Bh5 $146 ({Predecessor:} 15... Qd7 16. Bf4 Bxf4 17. Nxf4 Qd6 18. Ne2 Rb8 19. Rc3 Bh5 20. g4 Bg6 21. Bxg6 hxg6 22. Qa3 Qxa3 23. Rxa3 {½-½ (37) Bolignano,G (2286)-Latronico,N (2457) ICCF email 2013}) 16. Ne5 Bxe2 17. Bxe2 Bxe5 18. dxe5 Qxe5 19. Qxb7 d4 20. Rxc6 dxe3 21. Qb3 exf2+ 22. Rxf2 Nd5 23. Bf3 Rad8 24. Qa4 Qe1+ 25. Rf1 Qe3+ 26. Kh1 Ne7 27. Rc3 Qb6 28. Rb3 Qc5 29. Qb4 Qg5 30. Qg4 Qe5 31. Qb4 Nf5 32. Re1 Qf6 33. Qf4 Qg6 34. Qe5 Nd4 35. Be4 Qf6 36. Qxf6 gxf6 37. Rg3+ Kh8 38. Ra3 Rf7 39. Bd3 Rc7 40. Re3 Rd6 41. Ra4 e5 42. Rc4 Rxc4 43. Bxc4 Kg7 44. Kg1 Nf5 45. Rd3 $15 e4 46. Rxd6 Nxd6 47. Be2 f5 48. g3 Kf6 49. Kf2 Ke5 50. Ke3 Nf7 51. b4 Ng5 52. Bf1 Ne6 53. a4 f4+ 54. gxf4+ Nxf4 55. Bc4 Nxh3 56. a5 Nf4 57. b5 Nd5+ 58. Bxd5 1/2-1/2

[Event "WYCC 2018 O14"]
[Site "Halkidiki"]
[Date "2018.10.20"]
[Round "1"]
[White "Tadic, Stefan"]
[Black "Muntean, Victor"]
[Result "1-0"]
[ECO "C85"]
[WhiteElo "2295"]
[BlackElo "1876"]
[Annotator "NA"]
[PlyCount "55"]
[EventDate "2018.10.20"]
[EventType "swiss"]
[EventCountry "GRE"]
[SourceTitle "playchess.com"]
[Source "ChessBase"]
[SourceQuality "1"]
[TimeControl "40/5400+30:1800+30"]

1. e4 e5 2. Nf3 Nc6 3. Bb5 a6 4. Ba4 Nf6 5. O-O Be7 6. Bxc6 dxc6 7. d3 Qd6 8. Nbd2 Be6 9. b3 b5 {[%emt 0:04:53] C85: Closed Ruy Lopez: Deferred Exchange Variation} (9... Nd7 10. a4 O-O 11. Bb2 Rfd8 12. Qe2 Bf6 13. h3 g6 14. Rfd1 Bg7 15. Nf1 c5 16. Ne3 Qe7 17. a5 Re8 18. Rab1 b5 {½-½ (56) McShane,L (2655)-Adams,M (2745) Germany 2017}) 10. Re1 $146 ({Predecessor:} 10. Bb2 Nd7 11. Qe2 c5 12. Rfd1 O-O 13. Nf1 Bf6 14. Ne3 g6 15. h3 h6 16. c3 Rfe8 17. d4 cxd4 18. cxd4 exd4 19. Nxd4 {1-0 (55) Shtyrenkov,V (2393)-Kharchenko,B (2448) Alushta 2010}) 10... Nd7 11. Nf1 O-O-O 12. Bb2 c5 13. c3 f6 14. d4 c6 15. Ne3 g6 16. a4 cxd4 17. cxd4 exd4 18. Nxd4 Nc5 19. Qc2 Kb7 20. Red1 Qc7 21. axb5 cxb5 22. b4 Rxd4 23. Rxd4 $18 (23. Bxd4 $142 Na4 24. Qe2) 23... Nb3 24. Qxc7+ Kxc7 25. Rxa6 Nxd4 26. Bxd4 Kd7 27. Ra7+ Kd8 28. Bb6+ 1-0

[Event "WYCC 2018 O14"]
[Site "Halkidiki"]
[Date "2018.10.20"]
[Round "1"]
[White "Ognean, Mihnea-Ionut"]
[Black "Naqopia, Giorgi"]
[Result "1-0"]
[ECO "C41"]
[WhiteElo "2291"]
[BlackElo "1857"]
[Annotator "NA"]
[PlyCount "99"]
[EventDate "2018.10.20"]
[EventType "swiss"]
[EventCountry "GRE"]
[SourceTitle "playchess.com"]
[Source "ChessBase"]
[SourceQuality "1"]
[TimeControl "40/5400+30:1800+30"]

1. d4 d6 2. e4 Nf6 3. Nc3 e5 4. Nf3 Nbd7 5. Bc4 Be7 6. O-O O-O 7. a4 a5 8. h3 h6 9. Re1 c6 10. Be3 Qc7 11. Nh4 Re8 12. Qf3 $11 d5 13. exd5 e4 14. Nxe4 cxd5 15. Nxf6+ Bxf6 16. Bxd5 Nb6 17. Nf5 Qd7 18. Be4 Rxe4 19. Nxh6+ gxh6 20. Qxe4 Qf5 21. Bxh6 Qxe4 22. Rxe4 Kh7 23. Bf4 Bf5 24. Re2 Bxd4 25. c3 Bf6 26. g4 Be6 27. Be5 Bc4 28. Re3 Kg6 29. Bxf6 Kxf6 30. Kh2 Bb3 31. Rf3+ Kg7 32. Rf4 Nc4 33. Re1 Nd6 34. Rd4 Re8 35. Rxe8 Nxe8 36. Rd7 Bxa4 37. Rxb7 Bc6 38. Rb6 Bd7 39. b3 Nf6 40. Ra6 Be6 41. c4 Ne4 42. Rxa5 Nxf2 43. Kg3 Nd3 44. Rb5 Kf6 45. g5+ Kg6 46. h4 Kh5 47. c5 Ne5 48. b4 Bd7 49. Rb6 Ng6 50. Rf6 1-0

[Event "WYCC 2018 O14"]
[Site "Halkidiki"]
[Date "2018.10.20"]
[Round "1"]
[White "Cohen Revivo, Shoham"]
[Black "Nakahara, Kan"]
[Result "1/2-1/2"]
[ECO "C00"]
[WhiteElo "2289"]
[BlackElo "1850"]
[Annotator "NA"]
[PlyCount "96"]
[EventDate "2018.10.20"]
[EventType "swiss"]
[EventCountry "GRE"]
[SourceTitle "playchess.com"]
[Source "ChessBase"]
[SourceQuality "1"]
[TimeControl "40/5400+30:1800+30"]

1. e4 e6 2. Qe2 Nc6 3. Nf3 e5 4. c3 d6 {[%emt 0:00:44] C00: French: Unusual White 2nd moves} 5. d4 Nf6 6. h3 a6 $146 ({Predecessor:} 6... g6 7. Na3 Bg7 8. d5 Ne7 9. Qc2 Nh5 10. g4 Nf4 11. Bxf4 exf4 12. Qd2 {0-1 (66) Ponce Cano,A (2286)-Arribas Lopez,A (2534) Llucmajor 2015}) 7. g3 Be7 8. d5 Nb8 9. c4 Nbd7 10. Nc3 O-O 11. Bg2 b5 12. O-O b4 13. Nd1 Nc5 14. Ne1 Nfd7 15. Ne3 Nf6 16. N3c2 Rb8 17. Nd3 Nxd3 18. Qxd3 Nd7 19. f4 b3 20. Ne3 bxa2 21. Rxa2 Nc5 22. Qe2 Nb3 23. fxe5 dxe5 24. Nc2 Nxc1 25. Rxc1 Bc5+ 26. Kh2 $19 Qg5 27. Rf1 Rb3 28. Qe1 f5 29. Ra5 Be7 30. h4 Qg6 31. d6 Bxd6 32. c5 Be7 33. exf5 Qf7 34. c6 Rd8 35. Rxe5 Bf8 36. Ne3 Rbd3 37. Qa5 Kh8 38. Re4 Bd6 39. Qe1 Rf8 40. Qe2 Rb3 41. Rf3 Rb6 42. Qc2 Qf6 43. b3 Rxc6 44. Qe2 Rc5 45. Nc4 Rxf5 46. Rxf5 Bxf5 47. Nxd6 Qxd6 48. Rf4 Bc8 1/2-1/2

[Event "WYCC 2018 O14"]
[Site "Halkidiki"]
[Date "2018.10.20"]
[Round "1"]
[White "Kushagra Mohan"]
[Black "Ilic, Nicholas"]
[Result "1-0"]
[ECO "B76"]
[WhiteElo "2283"]
[BlackElo "1842"]
[Annotator "NA"]
[PlyCount "56"]
[EventDate "2018.10.20"]
[EventType "swiss"]
[EventCountry "GRE"]
[SourceTitle "playchess.com"]
[Source "ChessBase"]
[SourceQuality "1"]
[TimeControl "40/5400+30:1800+30"]

1. e4 c5 2. Nf3 d6 3. d4 cxd4 4. Nxd4 Nf6 5. Nc3 g6 6. Be3 Bg7 7. f3 O-O 8. Qd2 Nc6 9. O-O-O d5 10. Qe1 e5 11. Nxc6 bxc6 12. exd5 Nxd5 13. Bc4 Be6 14. Kb1 {[%emt 0:00:04] [#] B76: Sicilian Dragon: Yugoslav Attack, 9 g4 and 9 0-0-0} f5 $146 ({Predecessor:} 14... Rb8 15. Ne4 Qc7 16. Bc5 Rfd8 17. g4 h6 18. Bb3 a5 19. Rg1 Rd7 20. h4 Rbd8 21. a4 Nf4 22. Rxd7 Rxd7 23. Bxe6 Nxe6 {½-½ (32) Anand,V (2776)-Nakamura,H (2787) Moscow 2018}) 15. h4 Rf7 16. h5 Rd7 17. Nxd5 cxd5 18. Bb3 f4 19. Bxf4 Qf6 20. Bxe5 Qxe5 21. Qxe5 Bxe5 22. Rhe1 Bxb2 23. Rxe6 Bg7 24. hxg6 Rb8 25. gxh7+ Kxh7 26. g4 a5 27. a4 Bc3 28. Rc6 $18 d4 1-0

[Event "WYCC 2018 O14"]
[Site "Halkidiki"]
[Date "2018.10.20"]
[Round "1"]
[White "Avila Pavas, Santiago"]
[Black "Stijve, Niels"]
[Result "1-0"]
[ECO "D02"]
[WhiteElo "2277"]
[BlackElo "1837"]
[Annotator "NA"]
[PlyCount "53"]
[EventDate "2018.10.20"]
[EventType "swiss"]
[EventCountry "GRE"]
[SourceTitle "playchess.com"]
[Source "ChessBase"]
[SourceQuality "1"]
[TimeControl "40/5400+30:1800+30"]

1. d4 d5 2. Nf3 e6 3. g3 Nf6 4. Bg2 Be7 5. O-O O-O 6. c4 c6 7. Nc3 Nbd7 8. Nd2 Qb6 9. e3 Rd8 10. b3 e5 11. cxd5 cxd5 12. Bb2 Qe6 13. dxe5 Nxe5 14. Nf3 b6 15. Nxe5 Ba6 16. Nf3 Bxf1 17. Qxf1 a6 $18 18. Nd4 Qd7 19. Rc1 Bc5 20. Na4 Qd6 21. Nf5 Qe6 22. Bh3 Ne4 23. Bxg7 Qe8 24. Nxc5 Nxc5 25. Qe2 Qe4 26. Bf6 Rdb8 27. Qh5 1-0

[Event "WYCC 2018 O14"]
[Site "Halkidiki"]
[Date "2018.10.20"]
[Round "1"]
[White "Manafov, Vugar"]
[Black "Bousmaha, Wassel"]
[Result "1-0"]
[ECO "A08"]
[WhiteElo "2245"]
[BlackElo "1826"]
[Annotator "NA"]
[PlyCount "55"]
[EventDate "2018.10.20"]
[EventType "swiss"]
[EventCountry "GRE"]
[SourceTitle "playchess.com"]
[Source "ChessBase"]
[SourceQuality "1"]
[TimeControl "40/5400+30:1800+30"]

1. Nf3 d5 2. g3 c5 3. Bg2 Nc6 4. O-O Nf6 5. d3 e5 6. Nbd2 Bd6 7. e4 d4 8. h3 O-O 9. Ne1 Ne8 10. f4 f5 11. exf5 Rxf5 12. Ne4 exf4 $14 13. Nxd6 Nxd6 14. Bxf4 Ne7 15. Nf3 Rf8 16. Qd2 h6 17. Rae1 Nd5 18. Ne5 Nxf4 19. Rxf4 Nf5 20. Ref1 Rf6 21. Ng4 Rf7 22. Be4 Qg5 23. Bd5 h5 24. Bxf7+ Kxf7 25. Rxf5+ Qxf5 26. Rxf5+ Bxf5 27. Qf4 Ke6 28. Qe5+ 1-0

[Event "WYCC 2018 O14"]
[Site "Halkidiki"]
[Date "2018.10.20"]
[Round "1"]
[White "Czopor, Maciej"]
[Black "Stamatiou, Rodolfos"]
[Result "1/2-1/2"]
[ECO "B47"]
[WhiteElo "2219"]
[BlackElo "1820"]
[Annotator "NA"]
[PlyCount "47"]
[EventDate "2018.10.20"]
[EventType "swiss"]
[EventCountry "GRE"]
[SourceTitle "playchess.com"]
[Source "ChessBase"]
[SourceQuality "1"]
[TimeControl "40/5400+30:1800+30"]

1. e4 c5 2. Nf3 e6 3. d4 cxd4 4. Nxd4 Nc6 5. Nc3 Qc7 6. Be2 Nf6 7. Be3 a6 8. O-O b5 9. Nxc6 dxc6 {[%emt 0:01:07] LiveBook: 134 Games} 10. f4 $14 Bb4 11. Bf3 O-O 12. Qe1 Bb7 13. Nxb5 cxb5 14. Qxb4 a5 15. Qxb5 Ba6 16. Qg5 Bxf1 17. Rxf1 h6 18. Qg3 Qxc2 19. Bd4 Kh8 20. Qh4 Ng8 21. Qg4 Nf6 22. Qh4 Ng8 23. Qg4 Nf6 24. Qh4 1/2-1/2

[Event "WYCC 2018 O14"]
[Site "Halkidiki"]
[Date "2018.10.20"]
[Round "1"]
[White "Tengis, Tsog-Ochir"]
[Black "Koutlas, Nikolaos"]
[Result "1-0"]
[ECO "A45"]
[WhiteElo "2205"]
[BlackElo "1813"]
[Annotator "NA"]
[PlyCount "71"]
[EventDate "2018.10.20"]
[EventType "swiss"]
[EventCountry "GRE"]
[SourceTitle "playchess.com"]
[Source "ChessBase"]
[SourceQuality "1"]
[TimeControl "40/5400+30:1800+30"]

1. d4 Nf6 2. g3 e6 3. Bg2 d5 4. Nf3 Be7 5. O-O O-O 6. b3 c5 7. Bb2 Nc6 8. Nbd2 cxd4 9. Nxd4 Nxd4 {[%emt 0:01:19] D02: 1 d4 d5 2 Nf3 sidelines, including 2...Nf6 3 g3 and 2...Nf6 3 Bf4} 10. Bxd4 b6 (10... Bd7 11. c4 Bc6 12. Rc1 Qa5 13. a4 Bb4 14. Rc2 Rfd8 15. e3 Ne4 16. Qg4 Bf8 17. Nf3 f5 18. Qh4 dxc4 19. Ne5 cxb3 20. Nxc6 bxc6 21. Rxc6 {1-0 (125) Meier,G (2647)-Kanep,M (2446) Tallinn 2018}) 11. e4 dxe4 12. Nxe4 Nxe4 $146 ({Predecessor:} 12... Ba6 13. c4 Rc8 14. a4 Nxe4 15. Bxe4 Bc5 16. Bc3 Qe7 17. Qb1 {1-0 (51) Sukhanov,I-Reutov,A (2007) Barnaul 2013}) 13. Bxe4 Ba6 14. c4 Rc8 15. Qg4 g6 16. Bf3 Bf6 17. Rad1 Bxd4 18. Qxd4 Qe7 19. Qd6 $11 Qf6 20. Bg2 Rc5 21. Qd7 Ra5 22. a4 Bc8 23. Qc7 Qe5 24. Qe7 f5 25. Rd8 Qg7 26. Rxf8+ Qxf8 27. Qh4 f4 28. Rd1 g5 29. Qh5 Rf5 30. Be4 fxg3 31. hxg3 Rf7 32. Qxg5+ Rg7 33. Qh4 Bd7 34. Kg2 Rf7 35. f3 e5 36. Bd5 1-0

[Event "WYCC 2018 O14"]
[Site "Halkidiki"]
[Date "2018.10.20"]
[Round "1"]
[White "Fecker, Noah"]
[Black "Shubin, Daniel"]
[Result "1-0"]
[ECO "A06"]
[WhiteElo "2184"]
[BlackElo "1774"]
[Annotator "NA"]
[PlyCount "79"]
[EventDate "2018.10.20"]
[EventType "swiss"]
[EventCountry "GRE"]
[SourceTitle "playchess.com"]
[Source "ChessBase"]
[SourceQuality "1"]
[TimeControl "40/5400+30:1800+30"]

1. Nf3 d5 2. g3 Nf6 3. Bg2 Bf5 4. c4 c6 5. b3 e6 6. O-O Be7 7. Bb2 O-O 8. d3 Nbd7 9. Nbd2 h6 10. Qc2 Rc8 11. a3 Bh7 12. Rfc1 b5 13. Qd1 bxc4 14. dxc4 Qb6 15. cxd5 cxd5 16. b4 a5 17. Bd4 Qb5 18. bxa5 Qxa5 19. a4 Rxc1 20. Qxc1 Rb8 21. Bf1 Ne4 22. e3 Bc5 23. Bb5 Bxd4 24. Nxd4 Qxd2 25. Qxd2 Nxd2 26. Bxd7 e5 27. Nc6 Rb7 28. Nxe5 Be4 29. Bb5 f6 30. Nc6 Nf3+ 31. Kf1 Nxh2+ 32. Ke2 Nf3 33. Nd4 Nxd4+ 34. exd4 Kf7 35. f3 Bf5 36. Bc6 Rb2+ 37. Ke1 Ke6 38. a5 Kd6 39. a6 Rg2 40. Ra3 1-0